 Dungeon Sprint DCSS version 0.30-a0-540-g0af01429fa (webtiles) character file.

Game seed: 18366532028928054047

3 rocky1 the Ducker (level 1, -1/17 HPs)
             Began as a Merfolk Gladiator on Dec 26, 2022.
             Slain by a human (6 damage)
             ... in the Dungeon (Sprint III: "The Ten Rune Challenge").
             The game lasted 00:00:45 (87 turns).

rocky1 the Ducker (Merfolk Gladiator)                 Turns: 87, Time: 00:00:46

Health: -1/17      AC:  4    Str: 14    XL:     1   Next: 50%
Magic:  1/1        EV: 13    Int:  7    God:
Gold:   14         SH:  0    Dex: 15    Spells: 0/0 levels left

rFire   . . .      SeeInvis .    a - +0 long sword
rCold   . . .      Faith    .    (no shield)
rNeg    . . .      Spirit   .    b - +0 leather armour
rPois   .          Reflect  .    c - +0 helmet
rElec   .          Harm     .    (no cloak)
rCorr   .          Rampage  .    (no gloves)
Will    .....      NoTele   +    (no boots)
Stlth   ++                       (no amulet)
HPRegen 0.22/turn                (no ring)
MPRegen 0.07/turn                (no ring)

@: no status effects
A: (nimble swimmer 2), mertail
a: no special abilities


You were in the Dungeon.
You visited 1 branch You collected 14 gold pieces.

Inventory:

Hand Weapons
 a - a +0 long sword (weapon)
Missiles
 d - 2 throwing nets (quivered)
 e - a javelin
Armour
 b - a +0 leather armour (worn)
 c - a +0 helmet (worn)
Scrolls
 k - a scroll of blinking
Potions
 f - a potion of curing
 g - a potion of heal wounds
 h - a potion of haste
 i - 2 potions of magic
 j - a potion of berserk rage


   Skills:
 + Level 2.5 Fighting
 * Level 4.2 Long Blades
 - Level 2.0 Throwing
 + Level 0.5 Armour
 + Level 4.3 Dodging
 + Level 1.1 Stealth


You couldn't memorise any spells.
You didn't know any spells.
Your spell library was empty.

Dungeon Overview and Level Annotations

Branches:
Dungeon (1/1)

Altars:


Innate Abilities, Weirdness & Mutations

((You are very nimble when in or above water. (Stealth+, EV+, Speed+++)))
Your lower body shifts to a powerful aquatic tail in water.


Message History

You hit the human but do no damage.
The human is lightly wounded.
The human struggles against the net.
The net rips apart, and the human comes free!
The human hits you but does no damage.
You hit the human.
The human is moderately wounded.
The human closely misses you.
You hit the human.
The human is moderately wounded.
The human hits you.
You barely miss the human.
The human is moderately wounded.
The human hits you.
You closely miss the human.
The human is moderately wounded.
The human hits you.
You barely miss the human.
The human is moderately wounded.
The human barely misses you. The human hits you but does no damage.
You slash the human!
The human is heavily wounded.
The human closely misses you.
You barely miss the human.
The human is heavily wounded.
The human hits you.
You hit the human.
The human is heavily wounded.
The human barely misses you.
You miss the human.
The human is heavily wounded.
The human hits you.
* * * LOW HITPOINT WARNING * * *
You closely miss the human.
The human is heavily wounded.
The human hits you but does no damage. The human completely misses you.
You slash the human!
The human is severely wounded.
The human hits you.
You die...

▓<..#...####
▓...#......##
▓..##.......#
▓##.##.##...# .#
##.##.###..# ..#
▓#.####.##..# ...+
▓.###..##..##
#p..# ▓#.....##..#
#....#
###..##†.@##.....#
##..##...p#......#
#..###..##.# #..#
#..#### ▓▓▓▓ ▓▓▓▓


You could see a human.

Vanquished Creatures
  An endoplasm (D)
  3 rats (D)
4 creatures vanquished.

Notes
Turn   | Place    | Note
-------+----------+-------------------------------------------
     0 | D        | rocky1 the Merfolk Gladiator began the quest for the Orb.
     0 | D        | Reached XP level 1. HP: 16/16 MP: 1/1
    45 | D        | Reached skill level 1 in Stealth
    87 | D        | Slain by a human

Illustrated notes

Levels and vault maps discovered:
D:        dungeon_sprint_mu [sprint_mu_entry_cave, sprint_mu_temple_rooms,
          sprint_mu_d1_spiders, sprint_mu_d2_genie, sprint_mu_d3_branching,
          sprint_mu_orc_legion, sprint_mu_elf_gauntlet, sprint_mu_hive_nellie,
          sprint_mu_lair_fedhas, sprint_mu_vaults_butterflies,
          sprint_mu_slime_circle, sprint_mu_swamp_cave, sprint_mu_shoals_kraken,
          sprint_mu_blade_basic, sprint_mu_crypt_lich, sprint_mu_tomb_spiral,
          sprint_mu_vestibule_basic, sprint_mu_gehenna_hellfire,
          sprint_mu_dis_giant, sprint_mu_tartarus_statrot,
          sprint_mu_cocytus_islands, sprint_mu_zot1]

Skill      XL: |  1 |
---------------+----+-----
Long Blades    | 4 |  4.2
Stealth        | 1 |  1.1
Fighting       | |  2.5
Throwing       | |  2.0
Armour         | |  0.5
Dodging        | |  4.3

Action                   || total
-------------------------++-------
Melee: Long sword        ||    22
Throw: Throwing net      ||     1
 Stab: Held in net/web   ||     1
Armor: Leather armour    ||     4
Dodge: Dodged            ||     8

Table legend: (Time is in decaauts)
 A = Elapsed time spent in this place.
 B = Non-inter-level travel time spent in this place.
 C = Inter-level travel time spent in this place.
 D = Time resting spent in this place.
 E = Time spent auto-exploring this place.
 F = Levels seen in this place.
 G = Mean time per level.
                   A        B        C        D        E       F      G
               +--------+--------+--------+--------+--------+-----+--------+
         Total |     91 |     91 |      0 |      0 |     47 |   1 |   91.0 |
       Dungeon |     91 |     91 |      0 |      0 |     47 |   1 |   91.0 |
               +--------+--------+--------+--------+--------+-----+--------+

Top non-repeatable levels by time:
       D: 91 daAuts
